 Dungeon Crawl Stone Soup version 0.29-a0-187-ga23d9638d5 (webtiles) character file.

Game seed: 10286091001820195575

271 Crownlay the Chiller (level 6, -1/44 HPs)
             Began as a Gnoll Ice Elementalist on Feb 21, 2022.
             Was an Initiate of Vehumet.
             Slain by an ogre (15 damage)
             ... on level 4 of the Dungeon.
             The game lasted 00:09:12 (3458 turns).

Crownlay the Chiller (Gnoll Ice Elementalist)       Turns: 3458, Time: 00:09:13

Health: -1/44      AC: 12    Str:  7    XL:     6   Next: 23%
Magic:  7/14       EV: 13    Int: 16    God:    Vehumet [......]
Gold:   59         SH:  0    Dex: 13    Spells: 4/15 levels left

rFire   . . .      SeeInvis .   n - +2 dagger (venom)
rCold   . . .      Faith    .   (no shield)
rNeg    . . .      Spirit   .   a - +0 robe
rPois   .          Reflect  .   s - +0 hat
rElec   .          Harm     .   u - +2 cloak {rCorr}
rCorr   +          Rampage  .   (no gloves)
Will    .....                   (no boots)
Stlth   +++.......              (no amulet)
HPRegen 0.14/turn               (no ring)
MPRegen 0.14/turn               (no ring)

@: ice-armoured, freezing walls
A: fangs 1, strong nose, distributed training
a: Renounce Religion


You were on level 4 of the Dungeon.
You worshipped Vehumet.
Vehumet was noncommittal.
You visited 2 branches of the dungeon, and saw 5 of its levels.

You collected 145 gold pieces.
You spent 86 gold pieces at shops.

Inventory:

Hand Weapons
 e - a +2 hunting sling of flaming
 n - a +2 dagger of venom (weapon)
Missiles
 m - 126 stones
Armour
 a - a +0 robe (worn)
 r - a +1 cloak of poison resistance
 s - a +0 hat (worn)
 u - a +2 cloak of preservation (worn)
 w - a +0 pair of gloves
Wands
 o - a wand of charming (11)
Scrolls
 g - a scroll of holy word {unknown}
 h - a scroll of torment {unknown}
 i - 2 scrolls of blinking
 j - a scroll of enchant armour {unknown}
 k - 2 scrolls of teleportation
 l - 2 scrolls of enchant weapon {unknown}
 q - 2 scrolls of noise {unknown}
 v - a scroll of amnesia {unknown}
Potions
 b - 4 potions of curing {unknown}
 c - 3 potions of brilliance
 d - a potion of ambrosia {unknown}
 f - a potion of flight {unknown}
 p - 2 potions of lignification {unknown}
 t - 2 potions of degeneration {unknown}


   Skills:
 + Level 1.8 Fighting
 + Level 1.8 Short Blades
 + Level 1.8 Long Blades
 + Level 1.8 Axes
 + Level 1.8 Maces & Flails
 + Level 1.8 Polearms
 + Level 1.8 Staves
 + Level 1.8 Slings
 + Level 1.8 Bows
 + Level 1.8 Crossbows
 + Level 1.8 Throwing
 + Level 1.8 Armour
 + Level 4.9 Dodging
 + Level 4.5 Stealth
 + Level 1.8 Shields
 + Level 1.8 Unarmed Combat
 + Level 5.3 Spellcasting
 + Level 1.4 Conjurations
 + Level 1.4 Hexes
 + Level 1.4 Summonings
 + Level 1.4 Necromancy
 + Level 1.4 Translocations
 + Level 1.4 Transmutations
 + Level 1.4 Fire Magic
 + Level 7.2 Ice Magic
 + Level 1.4 Air Magic
 + Level 1.4 Earth Magic
 + Level 1.4 Poison Magic
 + Level 2.0 Invocations
 + Level 1.8 Evocations


You had 4 spell levels left.
You knew the following spells:

 Your Spells              Type           Power      Damage    Failure   Level
a - Freeze                Ice            100%       1d11      1%          1
b - Frozen Ramparts       Ice            54%        1d7       2%          3
c - Ozocubu's Armour      Ice            27%        N/A       2%          3
d - Hailstorm             Conj/Ice       18%        3d6       24%         4

Your spell library contained the following spells:

 Spells                   Type           Power      Damage    Failure   Level


Dungeon Overview and Level Annotations

Branches:
Dungeon (4/15)             Temple (1/1) D:4

Altars:
Ashenzari
Hepliaklqana
Vehumet
Wu Jian
Xom
Yredelemnul
Zin
The Shining One

Shops:
D:2 *

Annotations:
D:3 1 runed translucent door, Flippered's ghost, amateur MiHu


Innate Abilities, Weirdness & Mutations

You have very sharp teeth.
Your uncanny sense of smell can sniff out nearby items.
Your experience applies equally to all skills.


Message History

The hound is lightly wounded.
The hound misses you.
You closely miss the hound.
The hound is lightly wounded.
The hound completely misses you. The hound barely misses you.
You barely miss the hound.
The hound is moderately wounded.
The hound misses you. The ogre barely misses you.
You hit the hound but do no damage.
The hound looks as sick as possible!
The hound is moderately wounded.
The hound closely misses you. The hound barely misses you.
You miss the hound. You bite the hound, but do no damage.
The hound is heavily wounded.
The ogre hits you with a +0 giant club!!
Ouch! That really hurt!
The hound closely misses you.
You are too injured to fight recklessly!
You are too injured to fight recklessly!
Casting: Ozocubu's Armour (dangerous; 2% risk of failure)
Confirm with . or Enter, or press ? or * to list all spells.
Casting: Frozen Ramparts (dangerous; 2% risk of failure)
Press: ? - help, Dir - look around, f - activate The walls around you are covered in ice.
The wall freezes the hound.
You kill the hound!
Vehumet accepts your kill.
The wall freezes the ogre.
The ogre barely misses you.
Casting: Frozen Ramparts (dangerous; 2% risk of failure)
Confirm with . or Enter, or press ? or * to list all spells.
A film of ice covers your body!
The wall freezes the ogre.
The ogre barely misses you.
You hit the ogre but do no damage.
The ogre is poisoned.
The ogre is lightly wounded.
You hit the ogre.
The ogre looks as sick as possible!
The ogre is moderately wounded.
The wall freezes the ogre!
The ogre closely misses you.
You barely miss the ogre. You bite the ogre.
The ogre is severely wounded.
The wall freezes the ogre.
The ogre hits you with a +0 giant club!
You die...

# #.#####.#. #$#
≈#.... #... ..#
b##.....#.#.
..#####.##..#.#.
###.....
........ #
#.....# ......#.
#.#.#..#
........ #.#.#.#
.######. #..O@.#
#. ###!### #.
#.# #. ##.### #.
#....## #.
#.#...# #.
#....## #.
####.# ## #.# #


You could see an ogre (extremely poisoned) and a bat.

Vanquished Creatures
  2 hounds (D:4)
  Terence (D:2)
  2 orc wizards (D:3)
  A gnoll (D:1)
  4 adders
  2 worms (D:2)
  3 dart slugs
  6 orcs (D:3)
  6 endoplasms
  5 giant cockroaches
  7 hobgoblins
  2 quokkas
  9 ball pythons
  10 bats
  5 frilled lizards
  6 goblins
  5 kobolds
  5 rats
81 creatures vanquished.

Vanquished Creatures (others)
  10 fungi (D:4)
10 creatures vanquished.

Grand Total: 91 creatures vanquished

Notes
Turn   | Place    | Note
-------+----------+-------------------------------------------
     0 | D:1      | Crownlay the Gnoll Ice Elementalist began the quest for the
                  | Orb.
     0 | D:1      | Reached XP level 1. HP: 13/13 MP: 6/6
    27 | D:1      | Reached XP level 2. HP: 5/19 MP: 0/7
   406 | D:1      | Found a faded altar of an unknown god.
   665 | D:1      | Reached skill level 5 in Spellcasting
   665 | D:1      | Reached XP level 3. HP: 21/25 MP: 5/9
   833 | D:1      | Reached skill level 1 in Invocations
  1275 | D:2      | Reached skill level 1 in Fighting
  1275 | D:2      | Reached skill level 1 in Short Blades
  1275 | D:2      | Reached skill level 1 in Long Blades
  1275 | D:2      | Reached skill level 1 in Axes
  1275 | D:2      | Reached skill level 1 in Maces & Flails
  1275 | D:2      | Reached skill level 1 in Polearms
  1275 | D:2      | Reached skill level 1 in Staves
  1275 | D:2      | Reached skill level 1 in Slings
  1275 | D:2      | Reached skill level 1 in Bows
  1275 | D:2      | Reached skill level 1 in Crossbows
  1275 | D:2      | Reached skill level 1 in Throwing
  1275 | D:2      | Reached skill level 1 in Armour
  1275 | D:2      | Reached skill level 1 in Shields
  1275 | D:2      | Reached skill level 1 in Unarmed Combat
  1275 | D:2      | Reached skill level 1 in Evocations
  1385 | D:2      | Reached XP level 4. HP: 32/32 MP: 8/11
  1389 | D:2      | Learned a level 3 spell: Frozen Ramparts
  1393 | D:2      | Learned a level 3 spell: Ozocubu's Armour
  1398 | D:2      | Learned a level 4 spell: Hailstorm
  1653 | D:2      | Noticed Terence
  1660 | D:2      | Killed Terence
  1661 | D:2      | Reached skill level 1 in Conjurations
  1661 | D:2      | Reached skill level 1 in Hexes
  1661 | D:2      | Reached skill level 1 in Summonings
  1661 | D:2      | Reached skill level 1 in Necromancy
  1661 | D:2      | Reached skill level 1 in Translocations
  1661 | D:2      | Reached skill level 1 in Transmutations
  1661 | D:2      | Reached skill level 1 in Fire Magic
  1661 | D:2      | Reached skill level 1 in Air Magic
  1661 | D:2      | Reached skill level 1 in Earth Magic
  1661 | D:2      | Reached skill level 1 in Poison Magic
  1891 | D:2      | Found Rusydoall's Assorted Antiques.
  1901 | D:2      | Bought a fizzy golden potion for 16 gold pieces
  1901 | D:2      | Bought a scroll labelled GUOBRI BASTRI for 18 gold pieces
  1901 | D:2      | Bought a scroll labelled JOEGADUFUIS for 18 gold pieces
  1901 | D:2      | Bought a scroll labelled JOECWE YFUFIDE for 18 gold pieces
  1901 | D:2      | Bought a fizzy golden potion for 16 gold pieces
  2000 | D:2      | Reached XP level 5. HP: 37/37 MP: 5/12
  2060 | D:2      | Found a glowing silver altar of Zin.
  2532 | D:3      | Found an ornate altar of the Wu Jian Council.
  2829 | D:3      | Found a runed translucent door.
  2837 | D:3      | Noticed Flippered's ghost (amateur MiHu)
  3185 | D:4      | Found a hazy altar of Hepliaklqana.
  3219 | D:4      | Found a staircase to the Ecumenical Temple.
  3235 | Temple   | Entered the Ecumenical Temple
  3298 | Temple   | Became a worshipper of Vehumet
  3360 | D:4      | Reached XP level 6. HP: 44/44 MP: 6/13
  3458 | D:4      | Slain by an ogre

Illustrated notes

Levels and vault maps discovered:
D:1:      noname_arrival_rooms_in_the_neighbourhood, layout_rooms,
          serial_corexii_hall, corexii_hall_statues_u,
          chequers_hall_statues_corner_a, corexii_hall_statues_x,
          corexii_hall_statues_l, basic_ecumenical_altar
D:2:      layout_loops_corners, basic_altar, serial_shops,
          nicolae_shop_waterfront, uniq_terence
D:3:      layout_basic, nzn_wu_jian_contemplation, ebering_ghost_inner_flame
D:4:      layout_loops_cross, overflow_temple_1_default,
          minmay_temple_entry_trees, serial_aquarium,
          aquarium_bridge_long_joined [aquarium_subvault_window,
          aquarium_subvault_bridge, aquarium_subvault_wall,
          aquarium_subvault_wall, aquarium_subvault_bridge,
          aquarium_subvault_bridge], aquarium_window_double, aquarium_window_1,
          aquarium_view_2c, aquarium_view_2g, aquarium_balcony_3a,
          minmay_hedge_maze
Temple:   regret_index_temple_generic_petals

Skill      XL: |  1  2  3  4  5 |
---------------+----------------+-----
Spellcasting   | 5 |  5.3
Invocations    | 1 2 |  2.0
Fighting       | 1 |  1.8
Short Blades   | 1 |  1.8
Long Blades    | 1 |  1.8
Axes           | 1 |  1.8
Maces & Flails | 1 |  1.8
Polearms       | 1 |  1.8
Staves         | 1 |  1.8
Slings         | 1 |  1.8
Bows           | 1 |  1.8
Crossbows      | 1 |  1.8
Throwing       | 1 |  1.8
Armour         | 1 |  1.8
Shields        | 1 |  1.8
Unarmed Combat | 1 |  1.8
Evocations     | 1 |  1.8
Conjurations   | 1 |  1.4
Hexes          | 1 |  1.4
Summonings     | 1 |  1.4
Necromancy     | 1 |  1.4
Translocations | 1 |  1.4
Transmutations | 1 |  1.4
Fire Magic     | 1 |  1.4
Air Magic      | 1 |  1.4
Earth Magic    | 1 |  1.4
Poison Magic   | 1 |  1.4
Dodging        | |  4.9
Stealth        | |  4.5
Ice Magic      | |  7.2

Action                   |  1- 3 |  4- 6 || total
-------------------------+-------+-------++-------
Melee: Unarmed           |    10 |       ||    10
       Bite              |     2 |     2 ||     4
       Dagger            |    10 |    12 ||    22
 Fire: Hunting sling     |       |    73 ||    73
 Cast: Freeze            |    44 |     2 ||    46
       Frozen Ramparts   |       |     9 ||     9
       Ozocubu's Armour  |       |     6 ||     6
  Use: Scroll            |       |     3 ||     3
 Stab: Sleeping          |     1 |       ||     1
Armor: Robe              |     8 |     7 ||    15
Dodge: Dodged            |    34 |    28 ||    62

Table legend: (Time is in decaauts)
 A = Elapsed time spent in this place.
 B = Non-inter-level travel time spent in this place.
 C = Inter-level travel time spent in this place.
 D = Time resting spent in this place.
 E = Time spent auto-exploring this place.
 F = Levels seen in this place.
 G = Mean time per level.
                   A        B        C        D        E       F      G
               +--------+--------+--------+--------+--------+-----+--------+
         Total |   3477 |   3421 |     56 |      0 |   2898 |   5 |  695.4 |
       Dungeon |   3391 |   3357 |     34 |      0 |   2843 |   4 |  847.8 |
        Temple |     86 |     64 |     22 |      0 |     55 |   1 |   86.0 |
               +--------+--------+--------+--------+--------+-----+--------+

Top non-repeatable levels by time:
     D:2: 1157 daAuts
     D:1: 1150 daAuts
     D:3: 884 daAuts
     D:4: 199 daAuts
  Temple: 86 daAuts
